 Dungeon Crawl Stone Soup version 0.29.1-13-g9f3cf754e1 (webtiles) character file.

Game seed: 2428494734658078031

46 Heoruswealwe the Grave Robber (level 3, -3/19 HPs)
             Began as a Deep Elf Necromancer on Feb 9, 2023.
             Slain by a gnoll
             ... wielding a +0 flail
              (11 damage)
             ... on level 1 of the Dungeon.
             The game lasted 00:10:04 (754 turns).

Heoruswealwe the Grave Robber (Deep Elf Necromancer) Turns: 754, Time: 00:10:04

Health: -3/19      AC:  2    Str:  5    XL:     3   Next: 46%
Magic:  10/10      EV: 16    Int: 21    God:
Gold:   26         SH:  0    Dex: 15    Spells: 5/9 levels left

rFire   . . .      SeeInvis .   (no weapon)
rCold   . . .      Faith    .   (no shield)
rNeg    . . .      Spirit   .   a - +0 robe
rPois   .          Reflect  .   (no helmet)
rElec   .          Harm     .   (no cloak)
rCorr   .          Rampage  .   (no gloves)
Will    .....                   (no boots)
Stlth   ++........              (no amulet)
HPRegen 0.06/turn               h - +4 ring of evasion
MPRegen 0.12/turn               (no ring)

@: no status effects
A: no striking features
a: no special abilities


You were on level 1 of the Dungeon.
You visited 1 branch of the dungeon, and saw 2 of its levels.

You collected 26 gold pieces.

Inventory:

Hand Weapons
 d - a +0 club
 f - a +0 short sword
 i - a +0 club
Missiles
 g - 9 stones
Armour
 a - a +0 robe (worn)
 c - a +0 leather armour
Jewellery
 h - a +4 ring of evasion (left hand)
Scrolls
 j - 3 scrolls of identify {unknown}
Potions
 b - a potion of magic
 e - a potion of brilliance {unknown}


   Skills:
 + Level 2.5 Dodging
 + Level 2.5 Stealth
 + Level 3.5 Spellcasting
 + Level 6.1 Necromancy


You had 5 spell levels left.
You knew the following spells:

 Your Spells              Type           Power      Damage    Failure   Level
a - Necrotise             Necr           100%       1d9       1%          1
b - Vampiric Draining     Necr           29%        2d8       3%          3

Your spell library contained the following spells:

 Spells                   Type           Power      Damage    Failure   Level
 Animate Dead             Necr           29%        N/A       11%         4
 Agony                    Necr           29%        N/A       28%         5


Dungeon Overview and Level Annotations

Branches:
Dungeon (2/15)

Altars:
Okawaru


Message History

Aiming: Vampiric Draining (quite dangerous; 3% risk of failure)
Press: ? - help, Shift-Dir - straight line, f - gnoll
Aim: a gnoll, wielding a +0 spear You draw life force from the gnoll!
A bat comes into view.
The gnoll hits you with a +0 spear.
A gnoll comes into view. It is wielding a +0 flail.
A goblin comes into view. It is wielding a +0 dagger.
Casting: Vampiric Draining (quite dangerous; 3% risk of failure)
Confirm with . or Enter, or press ? or * to list all spells.
The spell is quite dangerous to miscast (3% risk of failure)!
Continue anyway?
Aiming: Vampiric Draining (quite dangerous; 3% risk of failure)
Press: ? - help, Shift-Dir - straight line, f/p - gnoll
Aim: a gnoll, wielding a +0 spear (severely wounded)
You draw life force from the gnoll!
You kill the gnoll!
You feel life coursing into your body. The gnoll closely misses you.
Casting: Vampiric Draining (quite dangerous; 3% risk of failure)
Confirm with . or Enter, or press ? or * to list all spells.
You don't know that spell.
Casting: Vampiric Draining (quite dangerous; 3% risk of failure)
Confirm with . or Enter, or press ? or * to list all spells.
The spell is quite dangerous to miscast (3% risk of failure)!
Continue anyway?
Aiming: Vampiric Draining (quite dangerous; 3% risk of failure)
Press: ? - help, Shift-Dir - straight line, f - gnoll
Aim: a gnoll, wielding a +0 club You draw life force from the gnoll!
You feel life coursing into your body. The bat misses you.
The gnoll hits you with a +0 club.
A hobgoblin comes into view.
The gnoll hits you with a +0 flail!
Unknown command.
The bat barely misses you. The gnoll barely misses you.
The gnoll closely misses you.
You climb upwards.
There is a stone staircase leading down here.
Magic courses through your body. The gnoll closely misses you.
The gnoll completely misses you. The gnoll hits you with a +0 flail!
Ouch! That really hurt!
You die...

..### #.# #.#
....######.#######
#.#
.................#
#.#
....#####.#.####.#
#.#
....####.###.###.#
#.# ........##
##.##.# #.#
##..####.###.###.#
#.# #..# ##.#.##
#g###########.#
#..# ##.##
#@g........##.#
#..# ###
##########.##.#
#..# #.##.#
#..####### #.##.#
##........# #.##.#
....#####.#
####.##.# ###.#
#.# #....##.# #.#
#.# #....##.# #.#
#.# #...###.#


You could see 2 gnolls.

Vanquished Creatures
  2 gnolls
  A ball python (D:1)
  3 endoplasms (D:1)
  A giant cockroach (D:1)
  2 goblins (D:1)
  4 hobgoblins (D:1)
  4 jackals (D:1)
  2 quokkas (D:1)
  4 bats (D:1)
  A frilled lizard (D:1)
  A kobold (D:1)
  2 rats (D:1)
27 creatures vanquished.

Vanquished Creatures (collateral kills)
  2 ball pythons (D:1)
  A quokka (D:1)
  A frilled lizard (D:1)
  2 rats (D:1)
6 creatures vanquished.

Grand Total: 33 creatures vanquished

Notes
Turn   | Place    | Note
-------+----------+-------------------------------------------
     0 | D:1      | Heoruswealwe the Deep Elf Necromancer began the quest for
                  | the Orb.
     0 | D:1      | Reached XP level 1. HP: 10/10 MP: 6/6
    45 | D:1      | Reached skill level 5 in Necromancy
    99 | D:1      | Reached XP level 2. HP: 11/15 MP: 5/8
   128 | D:1      | Found a faded altar of an unknown god.
   214 | D:1      | Prayed at the altar of an unknown god.
   214 | D:1      | Became a worshipper of Warmaster Okawaru
   214 | D:1      | Reached * piety under Okawaru
   216 | D:1      | Fell from the grace of Okawaru
   343 | D:1      | Reached XP level 3. HP: 19/19 MP: 3/9
   397 | D:1      | Reached skill level 6 in Necromancy
   563 | D:1      | Learned a level 3 spell: Vampiric Draining
   754 | D:1      | Slain by a gnoll

Illustrated notes

Levels and vault maps discovered:
D:1:      saegor_arrival_miasma, layout_loops_ring,
          hellmonk_ecumenical_altar_dog_temple
D:2:      layout_loops_ring, mrwooster_statue_mirror, minmay_unequal,
          uniq_terence

Skill      XL: |  1  2  3 |
---------------+----------+-----
Necromancy     | 5 6 |  6.1
Dodging        | |  2.5
Stealth        | |  2.5
Spellcasting   | |  3.5

Action                   || total
-------------------------++-------
 Cast: Necrotise         ||    36
       Vampiric Draining ||     3
Invok: Renounce Religion ||     1
  Use: Potion            ||     1
Dodge: Dodged            ||    12
